 Dungeon Crawl Stone Soup version 0.28.0 (webtiles) character file.

Game seed: 4390596944506711734

258 SnakkuSnakku7 the Chopper (level 6, -1/53 HPs)
             Began as a Hill Orc Fighter on Feb 16, 2022.
             Slain by a black bear (7 damage)
             ... on level 4 of the Dungeon.
             The game lasted 00:03:41 (2765 turns).

SnakkuSnakku7 the Chopper (Hill Orc Fighter)        Turns: 2765, Time: 00:03:42

Health: -1/53      AC:  6    Str: 21    XL:     6   Next: 16%
Magic:  6/6        EV:  9    Int:  8    God:
Gold:   53         SH:  4    Dex: 10    Spells: 5/5 levels left

rFire   . . .      SeeInvis .   a - +0 war axe
rCold   . . .      Faith    .   c - +0 buckler
rNeg    . . .      Spirit   .   b - +0 scale mail
rPois   .          Reflect  .   (no helmet)
rElec   .          Harm     .   (no cloak)
rCorr   .          Rampage  .   (no gloves)
Will    +....                   (no boots)
Stlth   ..........              (no amulet)
HPRegen 0.17/turn               e - ring of willpower
MPRegen 0.10/turn               (no ring)

@: no status effects
A: no striking features
a: no special abilities


You were on level 4 of the Dungeon.
You visited 1 branch of the dungeon, and saw 4 of its levels.

You collected 144 gold pieces.
You spent 91 gold pieces at shops.

Inventory:

Hand Weapons
 a - a +0 war axe (weapon)
 l - a +1 vorpal hand axe
Missiles
 k - 5 poisoned darts (quivered)
Armour
 b - a +0 scale mail (worn)
 c - a +0 buckler (worn)
Jewellery
 e - a ring of willpower (left hand)
 t - a ring of willpower
Scrolls
 f - 5 scrolls of enchant armour
 i - a scroll of fog {unknown}
 j - a scroll of identify {unknown}
 m - a scroll of magic mapping {unknown}
 o - a scroll of vulnerability {unknown}
Potions
 d - a potion of might
 g - 3 potions of brilliance {unknown}
 h - 3 potions of heal wounds {unknown}
 n - 3 potions of degeneration {unknown}
 p - a potion of lignification {unknown}
 q - a potion of attraction {unknown}
 r - a potion of curing {unknown}
 s - a potion of magic {unknown}


   Skills:
 - Level 4.4 Fighting
 + Level 6.1 Axes
 + Level 3.0 Throwing
 - Level 3.2 Armour
 - Level 3.2 Shields


You had 5 spell levels left.
You didn't know any spells.
Your spell library contained the following spells:

 Spells                   Type           Power      Damage    Failure   Level
 Ozocubu's Armour         Ice            0%         N/A       99%         3
 Ozocubu's Refrigeration  Ice            0%         4d5       100%        7


Dungeon Overview and Level Annotations

Branches:
Dungeon (4/15)
 Temple: D:4-7

Altars:
Okawaru
Wu Jian

Shops:
D:3 *


Message History

The black bear is moderately wounded.
The black bear barely misses you. You block the black bear's attack.
The black bear claws you but does no damage.
The black bear bites you but does no damage.
The black bear claws you. x2
You slash the black bear!
The black bear is severely wounded.
The black bear bites you but does no damage.
The black bear claws you but does no damage.
The black bear closely misses you.
You hit the black bear but do no damage.
The black bear is severely wounded.
The black bear bites you but does no damage.
The black bear claws you but does no damage. x2
You closely miss the black bear.
The black bear is severely wounded.
The black bear goes berserk!
You barely miss the black bear.
The black bear is severely wounded.
The black bear looks more healthy.
The black bear closely misses you. The black bear claws you.
You block the black bear's attack. The black bear completely misses you.
The black bear claws you. x2
You barely miss the black bear.
The black bear is severely wounded.
The black bear bites you but does no damage.
The black bear claws you. You block the black bear's attack.
The black bear bites you but does no damage.
The black bear claws you. You block the black bear's attack.
You hit the black bear.
The black bear is almost dead.
You block the black bear's attack. The black bear claws you.
The black bear claws you but does no damage.
The black bear bites you!
* * * LOW HITPOINT WARNING * * *
The black bear claws you but does no damage.
The black bear closely misses you.
You hit the black bear.
The black bear is almost dead.
The black bear bites you!
You die...

##.....###..####
#.......#...#
#....>......#
#.#...#.#...#
#.##.##.###.#
#.#####.# #.#
#.# #.# #.#
####.#####.###..
#.h@......... ##
#.##.......#.
#.#######..# #(#
#..# #.# #.# #.#
#.# #.#


You could see a black bear (berserk).

Vanquished Creatures
  A scorpion (D:3)
  An orc priest (D:3)
  An orc wizard (D:3)
  A hound skeleton (D:4)
  4 adders
  A worm (D:4)
  2 dart slugs
  8 orcs
  10 endoplasms
  4 giant cockroaches
  6 goblins
  11 hobgoblins
  8 quokkas
  2 ball pythons
  3 bats (D:1)
  3 frilled lizards
  6 kobolds
  4 rats
76 creatures vanquished.

Notes
Turn   | Place    | Note
-------+----------+-------------------------------------------
     0 | D:1      | SnakkuSnakku7 the Hill Orc Fighter began the quest for the
                  | Orb.
     0 | D:1      | Reached XP level 1. HP: 19/19 MP: 1/1
    97 | D:1      | Reached skill level 3 in Axes
   192 | D:1      | Reached XP level 2. HP: 27/27 MP: 2/2
   434 | D:1      | Reached XP level 3. HP: 18/34 MP: 3/3
   855 | D:2      | Found an ornate altar of the Wu Jian Council.
   874 | D:2      | Reached skill level 4 in Axes
   973 | D:2      | Reached skill level 1 in Throwing
   973 | D:2      | Reached XP level 4. HP: 21/41 MP: 4/4
  1617 | D:3      | Found an iron altar of Okawaru.
  1671 | D:3      | Reached skill level 5 in Axes
  1671 | D:3      | Reached XP level 5. HP: 22/47 MP: 5/5
  2151 | D:3      | Found Jijops's General Store.
  2168 | D:3      | Bought a scroll of enchant armour for 75 gold pieces
  2168 | D:3      | Bought 4 poisoned darts for 16 gold pieces
  2256 | D:3      | Reached XP level 6. HP: 47/53 MP: 6/6
  2258 | D:3      | Reached skill level 6 in Axes
  2736 | D:4      | Noticed a black bear
  2765 | D:4      | Slain by a black bear

Illustrated notes

Levels and vault maps discovered:
D:1:      wander_arrival_desolate, layout_basic, minmay_split_cup_large
D:2:      layout_basic, basic_altar
D:3:      layout_rooms, mainiacjoe_overflow_alcove_2, serial_shops,
          nicolae_shop_advertising_works [nicolae_subvault_shop_adworks],
          serial_aquarium, aquarium_bridge_straight [aquarium_subvault_bridge,
          aquarium_subvault_wall, aquarium_subvault_bridge,
          aquarium_subvault_wall], aquarium_bridge_long_separate
          [aquarium_subvault_bridge, aquarium_subvault_balcony,
          aquarium_subvault_bridge, aquarium_subvault_bridge,
          aquarium_subvault_balcony, aquarium_subvault_bridge],
          aquarium_window_1, aquarium_window_2, aquarium_view_2f,
          aquarium_balcony_3a, kennysheep_generic_room_5
D:4:      layout_loops_ring

Skill      XL: |  1  2  3  4  5  6 |
---------------+-------------------+-----
Axes           | 3 4 5 6 |  6.1
Fighting       | 4 |  4.4
Throwing       | 1 2 3 |  3.0
Armour         | |  3.2
Shields        | |  3.2

Action                   |  1- 3 |  4- 6 || total
-------------------------+-------+-------++-------
Melee: War axe           |   112 |   121 ||   233
Throw: Dart              |       |     6 ||     6
Armor: Scale mail        |    48 |    61 ||   109
Dodge: Dodged            |    51 |    40 ||    91
Block: Buckler           |    22 |    29 ||    51
